[Event "Titled Tuesday Blitz May 03 Early 2022"]
[White "Hansen, Eric"]
[Black "Karolczuk, Iwo"]
[WhiteFideId "2606771"]
[BlackFideId "21816972"]
[WhiteElo "2568"]
[BlackElo "2277"]
[Result "1-0"]
[Round "05"]
[TimeControl "180+1"]
[Date "2022.05.03"]
[WhiteClock "0:00:05"]
[BlackClock "0:00:04"]

1. e4 c5 2. Nf3 d6 3. Bb5+ Nd7 4. c3 a6 5. Ba4 b5 6. Bc2 c4 7. b3 Bb7 8. O-O g6 9. bxc4 bxc4 10. Na3 Rc8 11. Rb1 Ba8 12. Qe2 Qc7 13. Ba4 Bg7 14. Qxc4 Qd8 15. Qe2 Nf6 16. e5 dxe5 17. Nxe5 O-O 18. Nxd7 Nxd7 19. Nc4 Bd5 20. Bb3 Nc5 21. d4 Nxb3 22. axb3 Qc7 23. Ba3 Rfe8 24. Bc5 e5 25. Nd6 exd4 26. Nxe8 Qxc5 27. Nxg7 Kxg7 28. cxd4 Qc6 29. Qe3 Qb7 30. Rfc1 Rd8 31. Qe5+ Kg8 32. Rc7 Qb4 33. Qf6 Rf8 34. h4 h5 35. Qe5 Be6 36. Rc6 Bf5 37. Rb2 Qa3 38. d5 Qa1+ 39. Kh2 a5 40. Re2 Qd1 41. Re3 a4 42. bxa4 Qxa4 43. Qg3 Rd8 44. Rc5 Qd4 45. Rec3 Rxd5 46. R3c4 Qd1 47. Rxd5 Qxd5 48. Rb4 Kh7 49. Qf4 Be6 50. Qd4 Qxd4 51. Rxd4 Kh6 52. Re4 g5 53. hxg5+ Kxg5 54. Re5+ Kg6 55. Kg3 Bc4 56. Kh4 f5 57. Rc5 Be2 58. Rc6+ Kf7 59. Kg5 Ke7 60. g3 Bg4 61. Rh6 Kf7 62. Kf4 Kg7 63. Rd6 Kf7 64. f3 Bh3 65. Ke5 Ke7 66. Rh6 Bg2 67. Kf4 Kf7 68. Rxh5 Kg6 69. Rg5+ Kh6 70. Rxf5 Bh3 71. g4 1-0


[Site "https://www.chess.com"]

[Event "Titled Tuesday Blitz May 03 Early 2022"]
[White "Harshavardhan G B"]
[Black "Delorme, Alban"]
[WhiteFideId "25059009"]
[BlackFideId "623636"]
[WhiteElo "1831"]
[BlackElo "2197"]
[Result "1-0"]
[Round "05"]
[TimeControl "180+1"]
[Date "2022.05.03"]
[WhiteClock "0:02:26"]
[BlackClock "0:02:16"]

1. e4 c5 2. Nf3 Nc6 3. d4 cxd4 4. Nxd4 Nf6 5. Nc3 d6 6. Bc4 Bd7 7. Be3 Ng4 8. Bc1 Qb6 9. Nce2 e5 10. Nxc6 Qxf2+ 11. Kd2 Bxc6 12. Rf1 Qe3+ 13. Ke1 Nf6 14. Bxe3 1-0


[Site "https://www.chess.com"]

[Event "Titled Tuesday Blitz May 03 Early 2022"]
[White "Hirneise, Jens"]
[Black "Fernandez Siles, Luis"]
[WhiteFideId "24614734"]
[BlackFideId "2209420"]
[WhiteElo "2359"]
[BlackElo "2212"]
[Result "1-0"]
[Round "05"]
[TimeControl "180+1"]
[Date "2022.05.03"]
[WhiteClock "0:00:48"]
[BlackClock "0:00:15"]

1. e4 c5 2. Nc3 Nc6 3. f4 g6 4. Nf3 Bg7 5. Bb5 Nd4 6. Bc4 e6 7. O-O Ne7 8. d3 O-O 9. a4 d5 10. Ba2 b6 11. e5 Nxf3+ 12. Qxf3 Bb7 13. Qh3 Nf5 14. Bd2 f6 15. exf6 Qxf6 16. Rae1 Rae8 17. Nd1 d4 18. Nf2 h5 19. Ne4 Bxe4 20. Rxe4 Kh7 21. Rfe1 Nh6 22. Rxe6 Rxe6 23. Qxe6 Qh4 24. g3 Qd8 25. Bd5 h4 26. Be4 Rf6 27. Qh3 hxg3 28. hxg3 Kg8 29. Bf3 Nf7 30. Kg2 Qf8 31. Qd7 Ng5 32. Re8 1-0


[Site "https://www.chess.com"]

[Event "Titled Tuesday Blitz May 03 Early 2022"]
[White "Hnydiuk, Aleksander"]
[Black "Kazakouski, Valery"]
[WhiteFideId "1109057"]
[BlackFideId "13507443"]
[WhiteElo "2374"]
[BlackElo "2524"]
[Result "0-1"]
[Round "05"]
[TimeControl "180+1"]
[Date "2022.05.03"]
[WhiteClock "0:00:02"]
[BlackClock "0:01:49"]

1. Nf3 Nf6 2. c4 e6 3. g3 d5 4. Bg2 dxc4 5. Qa4+ c6 6. Qxc4 b5 7. Qc2 Bb7 8. a4 a6 9. axb5 cxb5 10. O-O Be7 11. d3 O-O 12. e4 Nc6 13. Rd1 Rc8 14. Qe2 e5 15. Be3 Ng4 16. Nbd2 Nxe3 17. fxe3 Bc5 18. Nb3 Bb6 19. d4 exd4 20. exd4 Nb4 21. Kh1 Qe7 22. Ne5 f6 23. Nd3 Nc2 24. Rac1 Nxd4 25. Nxd4 Bxd4 26. Nf4 Qe5 27. b3 Rfe8 28. Qd2 Rxc1 29. Rxc1 Bxe4 30. Re1 Bc3 31. Bxe4 Bxd2 0-1


[Site "https://www.chess.com"]

[Event "Titled Tuesday Blitz May 03 Early 2022"]
[White "Horcajuelo Rocamora, Martin"]
[Black "Agasarov, Benik"]
[WhiteFideId "24573027"]
[BlackFideId "13314823"]
[WhiteElo "1822"]
[BlackElo "2524"]
[Result "1/2-1/2"]
[Round "05"]
[TimeControl "180+1"]
[Date "2022.05.03"]
[WhiteClock "0:00:34"]
[BlackClock "0:00:06"]

1. e4 c5 2. Nf3 d6 3. d4 cxd4 4. Nxd4 Nf6 5. Nc3 a6 6. Bg5 Nbd7 7. f4 h6 8. Bh4 g6 9. Bc4 e5 10. fxe5 dxe5 11. Nf3 Be7 12. Bb3 Qb6 13. Bf2 Bc5 14. Bxc5 Qxc5 15. Qe2 b5 16. O-O-O Bb7 17. Nd5 Nxd5 18. Bxd5 O-O-O 19. Bxf7 Qb6 20. Bd5 Bxd5 21. Rxd5 Nf6 22. Rxe5 Ng4 23. Rd5 Rxd5 24. exd5 Qe3+ 25. Qxe3 Nxe3 26. d6 Kd7 27. Ne5+ Ke6 28. Nxg6 Rg8 29. Nf4+ Kxd6 30. g3 Kc6 31. Re1 Ng4 32. h3 Nf2 33. Re6+ Kb7 34. Re3 Rd8 35. c3 Rd1+ 36. Kc2 Rh1 37. Re7+ Kb6 38. Re6+ Kb7 39. Rxh6 Rh2 40. Kb3 Nd1 41. Nd3 Rd2 42. Rd6 Kc7 43. Rd4 a5 44. a4 bxa4+ 45. Kxa4 Rxd3 46. Rxd3 Nxb2+ 47. Kxa5 Nxd3 48. c4 Nf2 49. h4 Ng4 50. Kb5 Nf6 51. c5 Ng4 52. Kc4 Kc6 53. Kd4 Nh6 54. Ke5 Kxc5 55. Kf6 Kd5 56. Kg6 Ng4 57. Kf5 Nh6+ 58. Kg5 Nf7+ 59. Kf6 Nh6 60. Kg5 Nf7+ 61. Kg6 Ne5+ 62. Kg7 Ke4 63. h5 Ng4 64. Kg6 Kf3 65. h6 Nxh6 66. Kxh6 Kxg3 1/2-1/2


[Site "https://www.chess.com"]

[Event "Titled Tuesday Blitz May 03 Early 2022"]
[White "Hovhannisyan, Robert"]
[Black "Dubov, Daniil"]
[WhiteFideId "13302507"]
[BlackFideId "24126055"]
[WhiteElo "2570"]
[BlackElo "2791"]
[Result "1-0"]
[Round "05"]
[TimeControl "180+1"]
[Date "2022.05.03"]
[WhiteClock "0:00:05"]
[BlackClock "0:00:03"]

1. e4 c5 2. Nf3 Nc6 3. d4 cxd4 4. Nxd4 Nf6 5. Nc3 e5 6. Ndb5 d6 7. Bg5 a6 8. Na3 b5 9. Nd5 Be7 10. Bxf6 Bxf6 11. c3 Rb8 12. Nc2 Bg5 13. g3 O-O 14. h4 Bh6 15. Bh3 Be6 16. Qd3 Qd7 17. Bxe6 fxe6 18. Nde3 Bxe3 19. Nxe3 Rbd8 20. Rd1 Ne7 21. O-O d5 22. Rd2 d4 23. Ng4 Nc6 24. a3 Qf7 25. c4 b4 26. c5 Qg6 27. Qxa6 Qxe4 28. Qe2 Qd5 29. Re1 bxa3 30. bxa3 Rf5 31. Ne3 dxe3 32. Rxd5 exf2+ 33. Qxf2 Rxd5 34. Qe3 Nd4 35. Rf1 Rxf1+ 36. Kxf1 Rxc5 37. Qe4 Rd5 38. a4 h5 39. Kg2 Nf5 40. Qb4 Nd4 41. Qb8+ Kh7 42. Qe8 Kh6 43. Qh8+ Kg6 44. Qe8+ Kh6 45. Kf2 e4 46. Qh8+ Kg6 47. Qe8+ Kh6 48. Qh8+ Kg6 49. Ke3 Nf5+ 50. Kxe4 Rd4+ 51. Ke5 Rxa4 52. Qe8+ Kh6 53. Qxa4 1-0


[Site "https://www.chess.com"]

[Event "Titled Tuesday Blitz May 03 Early 2022"]
[White "Iljin, Timofey"]
[Black "Souleidis, Georgios"]
[WhiteFideId "14110180"]
[BlackFideId "4206827"]
[WhiteElo "2396"]
[BlackElo "2401"]
[Result "1-0"]
[Round "05"]
[TimeControl "180+1"]
[Date "2022.05.03"]
[WhiteClock "0:00:33"]
[BlackClock "0:00:04"]

1. d4 Nf6 2. c4 g6 3. Nc3 Bg7 4. e4 d6 5. f4 c5 6. d5 O-O 7. Nf3 e6 8. Be2 exd5 9. cxd5 Nbd7 10. e5 dxe5 11. fxe5 Ng4 12. Bg5 Qb6 13. O-O Ndxe5 14. Nxe5 Nxe5 15. Be7 Re8 16. d6 Be6 17. Nd5 Bxd5 18. Qxd5 Qxb2 19. d7 Nxd7 20. Qxf7+ Kh8 21. Rae1 Ne5 22. Qe6 Nc6 23. Rf7 Qe5 24. Qxe5 Nxe5 25. Rxg7 Kxg7 26. Bxc5 Nd3 27. Bd4+ Kh6 28. Rd1 Rxe2 29. Rxd3 Rae8 30. h4 Rxa2 31. Kh2 Ree2 32. Rg3 Ra4 33. Bf6 Re6 34. Bg5+ Kg7 35. Rd3 1-0


[Site "https://www.chess.com"]

[Event "Titled Tuesday Blitz May 03 Early 2022"]
[White "Ismagambetov, Anuar"]
[Black "Fedoseev, Vladimir"]
[WhiteFideId "13701525"]
[BlackFideId "24130737"]
[WhiteElo "2487"]
[BlackElo "2726"]
[Result "0-1"]
[Round "05"]
[TimeControl "180+1"]
[Date "2022.05.03"]
[WhiteClock "0:00:02"]
[BlackClock "0:00:09"]

1. e4 c5 2. Nf3 d6 3. d4 cxd4 4. Nxd4 Nf6 5. Nc3 a6 6. Bg5 Nbd7 7. f4 e5 8. Nf5 Qa5 9. Qf3 g6 10. Ne3 exf4 11. Qxf4 Nh5 12. Qg4 Bg7 13. Nd5 Ndf6 14. Qe2 Nxd5 15. exd5+ Be5 16. g4 O-O 17. Bd2 Nf6 18. Bh3 Nxd5 19. Ne4 Qb6 20. c4 Nf4 21. Bxf4 Bxf4 22. Nf6+ Kg7 23. Nd5 Qc6 24. O-O Be5 25. Bg2 Be6 26. Kh1 Qc5 27. Rad1 Rac8 28. b3 b5 29. cxb5 Qxb5 30. Qf3 Rc2 31. Rfe1 f5 32. g5 Qc5 33. Nf4 Bf7 34. Nd3 Qa5 35. a4 Re8 36. b4 Qxa4 37. Qb7 Qb5 38. Qc7 Rxc7 0-1


[Site "https://www.chess.com"]

[Event "Titled Tuesday Blitz May 03 Early 2022"]
[White "Ismayil, Malak"]
[Black "Cramling Bellon, Anna"]
[WhiteFideId "13412604"]
[BlackFideId "32009232"]
[WhiteElo "1879"]
[BlackElo "1905"]
[Result "1-0"]
[Round "05"]
[TimeControl "180+1"]
[Date "2022.05.03"]
[WhiteClock "0:00:47"]
[BlackClock "0:00:03"]

1. e4 c5 2. Nf3 e6 3. Nc3 Nc6 4. Be2 d5 5. exd5 exd5 6. O-O Nf6 7. d4 Be7 8. Bg5 Be6 9. Re1 O-O 10. h3 Rc8 11. Bb5 cxd4 12. Nxd4 Nxd4 13. Qxd4 h6 14. Bh4 a6 15. Bd3 Bc5 16. Qe5 Bd6 17. Qe2 g5 18. Bg3 Bxg3 19. fxg3 Qd6 20. g4 d4 21. Ne4 Qe7 22. Nxf6+ Qxf6 23. Qe4 Qg7 24. b3 Rfe8 25. Qxb7 Rcd8 26. Qf3 Bd5 27. Qf5 Rxe1+ 28. Rxe1 Be6 29. Qa5 Rc8 30. Qxa6 Qf6 31. Bf5 Re8 32. Qc6 Re7 33. a4 Bxf5 34. Qxf6 Rxe1+ 35. Kf2 Re2+ 36. Kxe2 1-0


[Site "https://www.chess.com"]

[Event "Titled Tuesday Blitz May 03 Early 2022"]
[White "Jain, Naveen"]
[Black "Kotepalli, Sai Nirupama"]
[WhiteFideId "5003970"]
[BlackFideId "5039444"]
[WhiteElo "2036"]
[BlackElo "2391"]
[Result "1-0"]
[Round "05"]
[TimeControl "180+1"]
[Date "2022.05.03"]
[WhiteClock "0:00:16"]
[BlackClock "0:00:08"]

1. c4 g6 2. Nc3 Bg7 3. g3 e6 4. Bg2 Ne7 5. Nf3 d5 6. cxd5 exd5 7. d4 O-O 8. O-O Be6 9. Bg5 c6 10. Qd2 Nd7 11. Bh6 Nf5 12. Bxg7 Kxg7 13. e3 Nf6 14. Rfc1 Nd6 15. Ne5 Re8 16. b4 a5 17. Rab1 axb4 18. Rxb4 Qa5 19. Rcb1 b5 20. a4 Nc4 21. Nxc4 bxc4 22. Qb2 Re7 23. Rb6 Rc7 24. Qb4 Nd7 25. Qxa5 Rxa5 26. Rb7 Rxb7 27. Rxb7 c5 28. dxc5 Nxc5 29. Rb5 Rxb5 30. axb5 Ne4 31. Nxe4 dxe4 32. Bxe4 c3 33. b6 Bc8 34. Kf1 Bb7 35. Bb1 Kf6 36. Ke2 Ke5 37. Kd3 Kd6 38. Kxc3 Kc5 39. Ba2 Kxb6 40. Bxf7 Kc5 41. Bg8 h6 42. f4 Be4 43. h4 Bf3 44. Bf7 Be4 45. h5 gxh5 46. Bxh5 Kd5 47. Bf7+ Kc5 48. g4 Bf3 49. g5 hxg5 50. fxg5 Kd6 51. g6 Bh5 52. Kd4 Ke7 53. Ke5 Kf8 54. Kf6 Bxg6 55. Bxg6 1-0


[Site "https://www.chess.com"]

[Event "Titled Tuesday Blitz May 03 Early 2022"]
[White "Janaszak, Dawid"]
[Black "Leiva, Gianmarco"]
[WhiteFideId "1119206"]
[BlackFideId "3804399"]
[WhiteElo "2199"]
[BlackElo "2323"]
[Result "1-0"]
[Round "05"]
[TimeControl "180+1"]
[Date "2022.05.03"]
[WhiteClock "0:00:12"]
[BlackClock "0:00:07"]

1. e4 g6 2. Nc3 Bg7 3. Bc4 c6 4. d4 d6 5. a4 Nf6 6. Qe2 O-O 7. Nf3 d5 8. exd5 cxd5 9. Bd3 Nc6 10. h3 Nb4 11. O-O Nxd3 12. Qxd3 Bf5 13. Qe2 Rc8 14. Re1 Re8 15. Ne5 Qb6 16. g4 Be6 17. Qd3 h5 18. a5 Qd6 19. Bf4 Qa6 20. Qxa6 bxa6 21. f3 hxg4 22. hxg4 Nd7 23. Ra4 Nxe5 24. Bxe5 Bh6 25. Re2 Bc1 26. Nd1 f6 27. Bg3 Bd7 28. Rb4 Bb5 29. Rh2 Kg7 30. c3 Rc4 31. Rxc4 Bxc4 32. Bf2 Rb8 33. Be3 Bxe3+ 34. Nxe3 Rb5 35. Nxc4 dxc4 36. Re2 Kf7 37. Kf2 Rxa5 38. Ke3 Ke6 39. Ke4 Kd6 40. f4 f5+ 41. Kf3 Ra1 42. g5 Rf1+ 43. Kg3 e6 44. Rh2 Rb1 45. Rh7 Rxb2 46. Rxa7 Ra2 47. Rg7 Ra3 48. Rxg6 Rxc3+ 49. Kh4 Rf3 50. Rg8 Rxf4+ 51. Kh5 Rg4 52. g6 Kd5 53. Rd8+ Ke4 54. Kh6 Kd3 55. g7 c3 56. d5 exd5 57. Rxd5+ Kc2 58. Rxf5 Kb3 59. Rg5 Rxg5 60. Kxg5 c2 61. g8=Q+ Kb2 62. Qg7+ Kb1 63. Qb7+ Ka2 64. Qd5+ Kb1 65. Qb3+ Kc1 66. Kf4 Kd2 67. Qe3+ Kd1 68. Qd3+ Kc1 69. Ke3 Kb2 70. Qd4+ Kb3 71. Kd2 1-0


[Site "https://www.chess.com"]

[Event "Titled Tuesday Blitz May 03 Early 2022"]
[White "Jaskolka, Tomasz"]
[Black "Kozin, Yuri"]
[WhiteFideId "1170791"]
[BlackFideId "4129920"]
[WhiteElo "2073"]
[BlackElo "2591"]
[Result "1-0"]
[Round "05"]
[TimeControl "180+1"]
[Date "2022.05.03"]
[WhiteClock "0:00:11"]
[BlackClock "0:00:15"]

1. d4 d5 2. Bf4 Nf6 3. e3 e6 4. Nf3 Bd6 5. Bg3 O-O 6. c3 b6 7. Nbd2 c5 8. Ne5 Qc7 9. f4 Ne4 10. Bd3 f5 11. Ndf3 Ba6 12. Bxa6 Nxa6 13. Qe2 Nb8 14. O-O Nd7 15. Nd2 Ndf6 16. Bh4 Nxd2 17. Qxd2 Ne4 18. Qe2 Rab8 19. Kh1 b5 20. a3 a5 21. g4 b4 22. gxf5 Rxf5 23. axb4 axb4 24. cxb4 cxd4 25. exd4 Rxb4 26. Ra8+ Rb8 27. Rxb8+ Qxb8 28. Rg1 Bxe5 29. fxe5 Qf8 30. Qg4 Kh8 31. Be1 Rg5 32. Qe2 Rxg1+ 33. Kxg1 h6 34. b4 Qe8 35. b5 Qg6+ 36. Qg2 Qh5 37. b6 Qd1 38. Kf1 Qd3+ 39. Qe2 Qxd4 40. b7 Qxe5 41. Bg3 Qa1+ 42. Kg2 Nxg3 43. b8=Q+ Kh7 44. Qxg3 1-0


[Site "https://www.chess.com"]

[Event "Titled Tuesday Blitz May 03 Early 2022"]
[White "Jobava, Baadur"]
[Black "Wong, Yinn Long"]
[WhiteFideId "13601520"]
[BlackFideId "5707684"]
[WhiteElo "2617"]
[BlackElo "2055"]
[Result "0-1"]
[Round "05"]
[TimeControl "180+1"]
[Date "2022.05.03"]
[WhiteClock "0:00:03"]
[BlackClock "0:00:11"]

1. e4 e6 2. d4 d5 3. exd5 exd5 4. Bd3 Nc6 5. Nf3 Bd6 6. O-O Bg4 7. Re1+ Nge7 8. c3 Qd7 9. Nbd2 f6 10. a4 O-O 11. Qc2 Bf5 12. Nf1 Bxd3 13. Qxd3 Qf5 14. Qd1 Rae8 15. Bd2 Qd7 16. a5 a6 17. Qb3 Nd8 18. Re2 Kh8 19. Rae1 c6 20. Qc2 Ng6 21. g3 Bc7 22. b4 Nf7 23. Kg2 Nd6 24. Bc1 Rxe2 25. Rxe2 Re8 26. Rxe8+ Qxe8 27. Ne3 Qe6 28. Ne1 Ne4 29. f3 Ng5 30. Qf5 Kg8 31. Nd3 Ne7 32. Qxe6+ Nxe6 33. h4 Kf7 34. h5 g6 35. hxg6+ hxg6 36. Ng4 Nc8 37. Kf2 Nd6 38. Bd2 Nf5 39. f4 Nd6 40. Be1 Ne4+ 41. Kf3 Ng7 42. Nh6+ Ke6 43. g4 f5 44. Ne5 Bxe5 45. dxe5 Ne8 46. Ke3 Nc7 47. gxf5+ gxf5 48. Kd3 Ne8 49. Bh4 Ng7 50. Kd4 Nh5 51. Bg5 Nhg3 52. Ke3 Nxc3 53. Ng8 Nge4 54. Bd8 Na2 55. Ne7 Nxb4 56. Ng6 c5 57. Nf8+ Kf7 58. Nh7 d4+ 59. Kf3 Nc6 60. Bb6 Ke6 61. Nf8+ Kd5 62. e6 c4 63. e7 Nxe7 64. Nd7 c3 65. Ne5 Nc6 66. Nd3 Kc4 67. Ke2 Ng3+ 68. Kf3 Kxd3 69. Kxg3 c2 70. Kh4 c1=Q 71. Kg5 Qg1+ 72. Kxf5 Qg8 73. Kf6 Qf8+ 74. Kg5 Ne7 75. Bc7 Qf5+ 76. Kh4 Nd5 77. Kg3 Nxc7 78. Kg2 Nd5 79. Kh1 Qg4 80. f5 Ne3 81. f6 Qg2# 0-1


[Site "https://www.chess.com"]

[Event "Titled Tuesday Blitz May 03 Early 2022"]
[White "Johnson, Ben"]
[Black "Bifulco, Michel"]
[WhiteFideId "2010917"]
[BlackFideId "828580"]
[WhiteElo "2200"]
[BlackElo "2165"]
[Result "0-1"]
[Round "05"]
[TimeControl "180+1"]
[Date "2022.05.03"]
[WhiteClock "0:00:03"]
[BlackClock "0:00:11"]

1. Nf3 Nf6 2. c4 g6 3. b3 Bg7 4. Bb2 O-O 5. g3 d6 6. d4 Nbd7 7. Bg2 Re8 8. O-O e5 9. dxe5 Ng4 10. Nc3 Ngxe5 11. Qd2 Nxf3+ 12. exf3 Nc5 13. f4 Rb8 14. Rfe1 Bf5 15. Rxe8+ Qxe8 16. Re1 Qd7 17. Re3 Re8 18. b4 Nd3 19. Rxd3 Bxd3 20. Qxd3 Re1+ 21. Bf1 Qh3 22. Na4 Bxb2 23. Nxb2 Ra1 24. c5 d5 25. Nd1 Qe6 26. Nc3 c6 27. Kg2 a5 28. bxa5 Qe7 29. Qd4 Qe1 30. Qd3 Rc1 31. Na4 Qxa5 32. Nb6 Qxc5 33. Nd7 Qc4 34. Nf6+ Kg7 35. Ne8+ Kf8 36. Nd6 Qxd3 37. Bxd3 b5 38. Kf3 Rc3 39. Ke2 Ra3 40. Bb1 Ke7 41. Nb7 Ra7 42. Nc5 Kd6 43. Nd3 c5 44. Ne5 b4 45. h4 c4 46. h5 Kc5 47. hxg6 hxg6 48. g4 d4 49. f5 d3+ 50. Kd2 gxf5 51. gxf5 Kd5 52. f4 f6 53. Nf3 Ke4 54. Ne1 Kxf4 0-1


[Site "https://www.chess.com"]

[Event "Titled Tuesday Blitz May 03 Early 2022"]
[White "Jones, Gawain C B"]
[Black "Cunha, Lucas Aguiar"]
[WhiteFideId "409561"]
[BlackFideId "2125404"]
[WhiteElo "2657"]
[BlackElo "2361"]
[Result "1/2-1/2"]
[Round "05"]
[TimeControl "180+1"]
[Date "2022.05.03"]
[WhiteClock "0:00:04"]
[BlackClock "0:00:12"]

1. Nf3 d5 2. g3 Nf6 3. Bg2 c5 4. O-O Nc6 5. d3 g6 6. Nc3 d4 7. Na4 Nd7 8. c4 Bg7 9. a3 O-O 10. e3 a5 11. exd4 cxd4 12. Bd2 Rb8 13. b4 axb4 14. axb4 b5 15. cxb5 Rxb5 16. Qc2 Bb7 17. Qc4 Rf5 18. Nh4 Nce5 19. Qb3 Bxg2 20. Kxg2 Rh5 21. Nc5 Qb8 22. Rfb1 Qc7 23. Ra6 Rb8 24. Nxd7 Qb7+ 25. f3 Qxd7 26. Qa4 Qxa4 27. Rxa4 Nxd3 28. Ra7 Re5 29. Kf1 Bf6 30. Ng2 Reb5 31. Nf4 Nxf4 32. Bxf4 Rxb4 33. Rxb4 Rxb4 34. Bh6 Rb8 35. f4 Re8 36. Ke2 e5 37. fxe5 Bxe5 38. Kd3 Rd8 39. Re7 Bf6 40. Rc7 Re8 41. Rd7 Rc8 42. h4 Re8 43. Rd5 Rd8 44. Rb5 Bg7 45. Bg5 Rc8 46. Bd2 h6 47. g4 Re8 48. Rb7 Rc8 49. Rd7 Ra8 50. Ke4 Ra2 51. Kd3 Ra3+ 52. Ke4 Rh3 53. h5 gxh5 54. gxh5 Rxh5 55. Rd8+ Kh7 56. Rd6 Rh3 57. Bf4 Rh4 58. Kf3 Rh5 59. Kg4 Ra5 60. Kf3 Rf5 61. Ke4 Rf6 62. Rd7 Kg6 63. Bd2 Re6+ 64. Kf3 Rf6+ 65. Kg2 Rf5 66. Rd6+ Bf6 67. Bc1 h5 68. Bb2 Rf4 69. Kg3 Rg4+ 70. Kf3 Kf5 71. Rd5+ Be5 72. Rd7 Ke6 73. Rd8 Rg3+ 74. Kf2 Rg4 75. Kf3 f5 76. Re8+ Kd5 77. Rd8+ Kc4 78. Re8 Rg3+ 79. Kf2 Re3 80. Rc8+ Kd3 81. Bc1 Re2+ 82. Kf3 Re4 83. Rf8 Re1 84. Bh6 f4 85. Kf2 Re2+ 86. Kf3 Re3+ 87. Kf2 h4 88. Bxf4 Bxf4 89. Rxf4 h3 90. Rh4 Re2+ 91. Kg1 h2+ 92. Kh1 Kc3 93. Rh3+ d3 94. Rxd3+ Kc2 95. Rc3+ Kd1 96. Rc1+ Kxc1 1/2-1/2


[Site "https://www.chess.com"]

[Event "Titled Tuesday Blitz May 03 Early 2022"]
[White "Kadam, Om Manish"]
[Black "Jakubowski, Krzysztof"]
[WhiteFideId "45076294"]
[BlackFideId "1112848"]
[WhiteElo "1729"]
[BlackElo "2365"]
[Result "1-0"]
[Round "05"]
[TimeControl "180+1"]
[Date "2022.05.03"]
[WhiteClock "0:00:27"]
[BlackClock "0:00:01"]

1. Nf3 Nf6 2. g3 d5 3. Bg2 Bf5 4. O-O e6 5. d4 Be7 6. c4 c6 7. Nc3 O-O 8. b3 Ne4 9. Bb2 Nd7 10. Rc1 a5 11. Nd2 Nxc3 12. Bxc3 Nf6 13. f3 h6 14. e4 Bh7 15. Qe2 a4 16. b4 a3 17. Kh1 Ra4 18. c5 Qa8 19. Rf2 Qa6 20. Qe3 Rb8 21. Bf1 Qa7 22. Bd3 dxe4 23. fxe4 Ng4 24. Qe2 Nxf2+ 25. Qxf2 b6 26. Rf1 Rf8 27. Bc2 Ra6 28. Bd3 b5 29. Nf3 Bf6 30. Qe3 Qd7 31. Qf4 Ra7 32. Rf2 Re8 33. Bc2 Qd8 34. h4 Rd7 35. e5 Be7 36. Bxh7+ Kxh7 37. Qe4+ Kg8 38. Qxc6 f6 39. Qxe6+ Kh8 40. Qc6 Rc7 41. Qxb5 Rc8 42. Qc4 Qd7 43. Kh2 1-0


[Site "https://www.chess.com"]

[Event "Titled Tuesday Blitz May 03 Early 2022"]
[White "Kanyamarala, Trisha"]
[Black "Simonovic, Miroslav"]
[WhiteFideId "45004722"]
[BlackFideId "919152"]
[WhiteElo "2079"]
[BlackElo "2043"]
[Result "1-0"]
[Round "05"]
[TimeControl "180+1"]
[Date "2022.05.03"]
[WhiteClock "0:01:44"]
[BlackClock "0:01:03"]

1. Nf3 c5 2. g3 Nc6 3. Bg2 g6 4. O-O Bg7 5. c4 e5 6. Nc3 Nge7 7. a3 O-O 8. Rb1 a5 9. Ne1 d6 10. Nc2 Be6 11. d3 d5 12. cxd5 Nxd5 13. Ne3 Nce7 14. Bd2 Qd7 15. Na4 Qc7 16. Rc1 Rac8 17. Nxc5 Qxc5 18. Rxc5 Rxc5 19. Nxd5 Bxd5 20. Be3 Rc6 21. Qa4 Bxg2 22. Kxg2 b6 23. Rc1 Rfc8 24. Rxc6 Rxc6 25. Bg5 f6 26. Be3 Re6 27. Qb3 Kf7 28. Bxb6 a4 29. Qa2 f5 30. e4 fxe4 31. dxe4 Nc6 32. f4 Ke7 33. Bc5+ Kd7 34. Qd5+ 1-0


[Site "https://www.chess.com"]

[Event "Titled Tuesday Blitz May 03 Early 2022"]
[White "Karthikeyan, Murali"]
[Black "Kollars, Dmitrij"]
[WhiteFideId "5074452"]
[BlackFideId "12909572"]
[WhiteElo "2579"]
[BlackElo "2584"]
[Result "0-1"]
[Round "05"]
[TimeControl "180+1"]
[Date "2022.05.03"]
[WhiteClock "0:00:02"]
[BlackClock "0:00:15"]

1. e4 c6 2. d4 d5 3. f3 e6 4. Nc3 Bb4 5. e5 c5 6. a3 Ba5 7. b4 cxd4 8. Nb5 Bc7 9. f4 Ne7 10. Nf3 Nbc6 11. Bd3 a5 12. Rb1 axb4 13. axb4 Nf5 14. Qe2 O-O 15. Nxc7 Qxc7 16. g4 Ne3 17. b5 Na5 18. Nxd4 Nxg4 19. Bd2 f5 20. h3 Nh6 21. Rg1 Nc4 22. Bb4 Rf7 23. Qh5 Kh8 24. Ke2 Bd7 25. Rg3 Rg8 26. Rbg1 Qc8 27. Qh4 Nb2 28. Be1 Nxd3 29. cxd3 Qc5 30. Bf2 Qa3 31. Be3 Bxb5 32. Kf3 Bxd3 33. Nxe6 Be4+ 34. Kf2 d4 35. Bxd4 Qa2+ 36. Ke3 Qxe6 0-1


[Site "https://www.chess.com"]

[Event "Titled Tuesday Blitz May 03 Early 2022"]
[White "Kejzar, Petra"]
[Black "Namitbir Singh Walia"]
[WhiteFideId "14610213"]
[BlackFideId "35071068"]
[WhiteElo "2003"]
[BlackElo "1565"]
[Result "0-1"]
[Round "05"]
[TimeControl "180+1"]
[Date "2022.05.03"]
[WhiteClock "0:01:24"]
[BlackClock "0:01:44"]

1. b3 e5 2. Bb2 Nc6 3. g3 g6 4. Bg2 Bg7 5. f4 d6 6. Nf3 Nge7 7. O-O O-O 8. e3 e4 9. Bxg7 exf3 10. Bxf8 fxg2 11. Kxg2 Qxf8 12. Nc3 Qh6 13. Qf3 Bh3+ 14. Kh1 Bxf1 15. Rxf1 Re8 16. e4 f5 17. d3 Qg7 18. Nb5 Nd4 19. Nxd4 Qxd4 20. g4 fxe4 21. dxe4 Nc6 22. Re1 Qd2 23. Rg1 Qxc2 24. Re1 Qd2 25. Rg1 Nd4 26. Qh3 Qxf4 0-1


[Site "https://www.chess.com"]

[Event "Titled Tuesday Blitz May 03 Early 2022"]
[White "Keller, Peter"]
[Black "Devaev, Alexander"]
[WhiteFideId "1272105"]
[BlackFideId "4169395"]
[WhiteElo "2275"]
[BlackElo "2185"]
[Result "1/2-1/2"]
[Round "05"]
[TimeControl "180+1"]
[Date "2022.05.03"]
[WhiteClock "0:00:16"]
[BlackClock "0:00:08"]

1. e4 c6 2. d4 d5 3. exd5 cxd5 4. Bd3 Nc6 5. c3 g6 6. Nf3 Nf6 7. Bf4 Bf5 8. Bxf5 gxf5 9. Qb3 Qc8 10. Ne5 Bg7 11. Nd2 O-O 12. Ndf3 e6 13. O-O Ne4 14. Rfe1 a6 15. Re2 b5 16. Nxc6 Qxc6 17. Ne5 Qb7 18. f3 Nd6 19. Nd3 Nc4 20. Qd1 Rfe8 21. b3 Nb6 22. Nc5 Qc6 23. Qd3 Rac8 24. Be5 f6 25. Bg3 Nd7 26. b4 Bf8 27. Rae1 Bxc5 28. bxc5 Nf8 29. Bd6 Kf7 30. g4 Qd7 31. h3 Ng6 32. Kf2 a5 33. h4 fxg4 34. h5 Nf8 35. fxg4 e5 36. dxe5 Qxg4 37. Rg1 Qh4+ 38. Kf1 Ne6 39. Rf2 Rh8 40. Rxf6+ Ke8 41. Qf5 Kd7 42. Rf7+ Kc6 43. Qxe6 Qh3+ 44. Kf2 Qxe6 45. Rf6 Qxf6+ 46. exf6 Rcf8 47. Bxf8 Rxf8 48. Ke3 Rxf6 49. Rg7 Rh6 50. Rg5 Kxc5 51. Kd3 a4 52. a3 Rf6 53. Rg7 Rf3+ 54. Kd2 Rf2+ 55. Kd3 Rf3+ 56. Kd2 Rf2+ 57. Ke3 Rc2 58. Kd3 Ra2 59. Rxh7 Rxa3 60. h6 b4 61. Rc7+ Kd6 62. Rc8 bxc3 63. Rxc3 Ra2 64. h7 Rh2 65. Ra3 Rxh7 66. Rxa4 Ke5 67. Rg4 Rh3+ 68. Kd2 d4 69. Rg8 Ke4 70. Re8+ Kd5 71. Rd8+ Ke4 72. Re8+ Kf5 73. Rf8+ Ke6 74. Re8+ Kd6 75. Rd8+ Kc5 76. Rc8+ Kb4 77. Rb8+ Kc4 78. Rc8+ Kb5 79. Rb8+ Kc6 80. Rc8+ Kd5 81. Rd8+ Ke4 82. Re8+ 1/2-1/2


[Site "https://www.chess.com"]

[Event "Titled Tuesday Blitz May 03 Early 2022"]
[White "Khabinets, Ivan"]
[Black "Rodchenkov, Sergey D."]
[WhiteFideId "14115980"]
[BlackFideId "4168712"]
[WhiteElo "2114"]
[BlackElo "2306"]
[Result "1-0"]
[Round "05"]
[TimeControl "180+1"]
[Date "2022.05.03"]
[WhiteClock "0:00:32"]
[BlackClock "0:00:18"]

1. d4 Nf6 2. c4 e6 3. g3 b6 4. Bg2 c6 5. Nc3 Ba6 6. b3 d5 7. Nf3 Bb4 8. Bd2 Be7 9. Ne5 O-O 10. O-O Nfd7 11. Nxd7 Nxd7 12. Rc1 Nf6 13. e3 Rc8 14. Ne2 Ne4 15. Qc2 Nxd2 16. Qxd2 Ba3 17. Rc2 Qe7 18. Rd1 Rfd8 19. Nf4 h6 20. c5 Bb5 21. Bf1 Bxf1 22. Kxf1 bxc5 23. dxc5 Bxc5 24. Rdc1 Bb6 25. Rxc6 Rxc6 26. Rxc6 Qa3 27. Kg2 Qa6 28. Qc2 Qb7 29. h4 Qa8 30. Kg1 Qb7 31. Nd3 Qe7 32. Rc8 Qd7 33. Rxd8+ Qxd8 34. Ne5 Qd6 35. Qc8+ Kh7 36. Nd7 Kg6 37. Qe8 h5 38. Nf8+ Kf6 39. Nh7+ Kg6 40. Ng5 Qc7 41. Qh8 d4 42. Qh7+ Kf6 43. exd4 Bxd4 44. Ne4+ Ke5 45. Ng5 Kd5 46. Qxh5 Qxg3+ 47. Kh1 Qe5 48. Qf3+ Kd6 49. Nxf7+ 1-0


[Site "https://www.chess.com"]